 Dungeon Crawl Stone Soup version 0.30-a0-1160-g6e42c06551 (webtiles) character file.

Game seed: 137181650721916362

16 qeuew the Sneak (level 2, 18/18 HPs)
             Began as a Kobold Brigand on Apr 25, 2023.
             Quit the game on level 1 of the Dungeon.
             The game lasted 00:00:28 (814 turns).

qeuew the Sneak (Kobold Brigand)                     Turns: 814, Time: 00:00:28

Health: 18/18      AC:  3    Str:  8    XL:     2   Next: 70%
Magic:  2/2        EV: 14    Int: 12    God:
Gold:   53         SH:  0    Dex: 16    Spells: 1/1 levels left

rFire   . . .        a - +2 dagger
rCold   . . .        (no shield)
rNeg    . . .        b - +0 robe
rPois   .            (no helmet)
rElec   .            c - +0 cloak
rCorr   .            (no gloves)
SInv    .            (no boots)
Will    .....        (no amulet)
Stlth   ++++         (no ring)
HPRegen 0.23/turn    (no ring)
MPRegen 0.08/turn

%: no passive effects
@: no status effects
A: small, no large weapons, nightstalker 3
a: no special abilities


You were on level 1 of the Dungeon.
You visited 1 branch of the dungeon, and saw 1 of its levels.

You collected 53 gold pieces.

Inventory:

Hand Weapons
 a - a +2 dagger (weapon)
Missiles
 d - 12 poisoned darts (quivered)
 e - 3 curare-tipped darts
Armour
 b - a +0 robe (worn)
 c - a +0 cloak (worn)
Jewellery
 j - a +6 ring of intelligence
Scrolls
 f - a scroll of fear {unknown}
 h - a scroll of poison {unknown}
Potions
 g - a potion of ambrosia {unknown}
 i - a potion of might {unknown}


   Skills:
 + Level 2.3 Fighting
 * Level 3.2 Short Blades
 + Level 2.4 Throwing
 + Level 1.4 Dodging
 * Level 5.6 Stealth


You had one spell level left.
You didn't know any spells.
Your spell library was empty.

Dungeon Overview and Level Annotations

Branches:
Dungeon (1/15)

Altars:


Innate Abilities, Weirdness & Mutations

You are small and have problems with some larger weapons.
You are completely attuned to the shadows.


Message History

A giant cockroach comes into view.
A giant cockroach is nearby!
The giant cockroach bites you but does no damage.
You barely miss the giant cockroach. The giant cockroach closely misses you.
You hit the giant cockroach.
The giant cockroach is heavily wounded.
The giant cockroach barely misses you.
You hit the giant cockroach but do no damage.
The giant cockroach is heavily wounded.
The giant cockroach closely misses you.
You hit the giant cockroach.
The giant cockroach is severely wounded.
The giant cockroach barely misses you.
You hit the giant cockroach but do no damage.
The giant cockroach is severely wounded.
The giant cockroach bites you but does no damage.
A giant cockroach is nearby!
A giant cockroach is nearby!
You hit the giant cockroach.
You kill the giant cockroach!
No target in view!
No target in view!
No target in view!
No target in view!
No target in view!
No target in view!
No target in view!
A hobgoblin comes into view.
A hobgoblin is nearby!
A hobgoblin is nearby!
The helpless hobgoblin fails to defend itself.
You impale the hobgoblin!!
You kill the hobgoblin!
No target in view!
No target in view!
No target in view!
No target in view!
No target in view!
No target in view!
Are you sure you want to abandon this character and quit the game? (Confirm with "yes".)

#..###.......##.....###......
##.....###+#.##...#####......
#####.....#...#####....#....
####..##..####.######...
#....................
#######...#...#.##.##
#...#...#.##...
######.#.......#####
#..@....#..##.##
#.......#......
#.......##....#
#.......##..#.##
#.......+......# ...##......
#.......##.####
######..##..... ......#####..


There were no monsters in sight!

Vanquished Creatures
  A dart slug (D:1)
  A ball python (D:1)
  3 endoplasms (D:1)
  2 giant cockroaches (D:1)
  2 hobgoblins (D:1)
  A kobold (D:1)
  A goblin (D:1)
11 creatures vanquished.

Notes
Turn   | Place    | Note
-------+----------+-------------------------------------------
     0 | D:1      | qeuew the Kobold Brigand began the quest for the Orb.
     0 | D:1      | Reached XP level 1. HP: 12/12 MP: 1/1
   243 | D:1      | Reached XP level 2. HP: 11/17 MP: 2/2
   814 | D:1      | Quit the game

Illustrated notes

Levels and vault maps discovered:
D:1:      spicycebolla_green_bress_n_ham, layout_basic, minmay_fountain_box

Skill      XL: |  1 |
---------------+----+-----
Short Blades   | 3 |  3.2
Fighting       | |  2.3
Throwing       | |  2.4
Dodging        | |  1.4
Stealth        | |  5.6

Action                     || total
---------------------------++-------
  Melee: Dagger            ||    28
         Punch             ||     1
   Stab: Sleeping          ||     3
 Armour: Robe              ||     6
  Dodge: Dodged            ||    12

Table legend: (Time is in decaauts)
 A = Elapsed time spent in this place.
 B = Non-inter-level travel time spent in this place.
 C = Inter-level travel time spent in this place.
 D = Time resting spent in this place.
 E = Time spent auto-exploring this place.
 F = Levels seen in this place.
 G = Mean time per level.
                   A        B        C        D        E       F      G
               +--------+--------+--------+--------+--------+-----+--------+
         Total |    809 |    809 |      0 |      0 |    740 |   1 |  809.0 |
       Dungeon |    809 |    809 |      0 |      0 |    740 |   1 |  809.0 |
               +--------+--------+--------+--------+--------+-----+--------+

Top non-repeatable levels by time:
     D:1: 809 daAuts
